[Event "National Tournament of State Senior Cha"]
[Site "Chess.com"]
[Date "2020.07.26"]
[Round "2"]
[White "Carter, David"]
[Black "Kuhner, Mary"]
[Result "0-1"]
[ECO "C18"]
[WhiteElo "2269"]
[BlackElo "1878"]
[Annotator "Mary Kuhner"]
[PlyCount "96"]
[EventDate "2020.??.??"]
[SourceVersionDate "2020.06.27"]
[TimeControl "5400+10"]
[WhiteClock "0:01:14"]
[BlackClock "0:05:36"]

1. d4 e6 2. e4 d5 3. Nc3 Bb4 4. e5 c5 5. a3 Bxc3+ 6. bxc3 Ne7 7. Qg4 Qc7 8. Bd3
{This twist on the usual Poisoned Pawn Winawer is popular in Oregon,
apparently due to a book by Negi that I have not read. Compared to the regular
Poisoned Pawn, White's bishop is more active on d3 than f1, but the g-pawn
tends to hang and a rook on g2 can be dangerous for White ( or for Black, who
can easily lose it ) . Some years ago I managed to win a dramatic sacrificial
game in this line, so I was happy to see it again.} cxd4 9.
Ne2 dxc3 10. Qxg7 Rg8 11. Qxh7 Nbc6 12. f4 ({I felt that} 12. Bf4 {was
stronger, not opening the diagonal g1-a7 against White's king.}) 12... Rxg2 {
[%emt 0:12:22] Stockfish thinks I ought to play ...Bd7 and castle as quickly
as possible, only then thinking about the attack.} 13. Be3 {Here and on many
subsequent moves, Rg1 to exchange the aggressive rook can be recommended. I
think that White may have felt entitled to trap the rook, even though it can't
be done at the moment, and therefore didn't want to trade it off; but this
will end up being an expensive preoccupation.} ({The immediate} 13. Ng3 {
does not trap the rook due to} Qb6) 13... Nf5 $6 {Having my king stuck in the
center is only normal for this opening, but after the subsequent exchanges I
will have a very tough time developing my queenside pieces. I was worried
about the dark squares if I tried ...Bd7 and ...0-0-0, but this is no cure.}
14. Bxf5 exf5 15. Qh8+ Kd7 16. Rd1 {I did not think this was
a sufficiently forcing move: I have only one response but it elegantly covers
several weak squares, and also opens lines for my queen. It's an interesting
detail of this opening that White can basically never castle long because the
a-pawn can't be held after ...Qa5, but Stockfish thinks that there are several
queen moves with more real threat value than this.} Ne7 17. Qf6 Ke8 $6 (17... b6 {is the engine recommendation, with hair-raising
complications}) 18. Qd6 {It's evident that neither player can really figure
out this position, which is very typical of the opening. I was delighted to
see this move, as I don't have to trade queens and felt the initiative was
falling into my hands. Stockfish thinks this is dead equal.} Qc4 19. Rd3 {
Moving the knight away allows the destabilizing ...Rxc2.} b6 {At this point
each player had used about 45 of the available 90 minutes ( with 10 second
increment ) . However, my opponent used 32 minutes on his next move, a
decision that was to cost him dearly later on.} ({The engine favors} 19... Qa2
{but I never even considered this piece of pawn-grubbing. I should have,
though; I knew the c2 pawn was more important than it looks.}) 20. Bf2 $2 {
Despite the long think, this is a losing move. With 32 minutes to think myself,
I had not even conceived of it, however, and in my startlement made a poor
reply.} ({Last call for} 20. Rg1 {says the engine}) 20... Qe4 $2 {The right
idea, but what could easily have been a fatally wrong order of moves.} ({
I did consider the winning} 20... Ba6 {but could not calculate either line in
enough detail to decide between them.}) 21. Re3 Qxc2 22. Rxc3 {[%emt 1:26:03]
White has the serious threat of playing Rc7 and, when the knight moves, Qc6+
winning the rook in the corner. I calculated that I could avoid this by
protecting the c6 square, but this defense fails.} Qb1+ 23. Rc1 Qb5 24. Qb4 $2
{White, who has just 7 minutes on his clock, has had enough of these threats
and counter-threats. But it will turn out that getting rid of the queens does
not solve his problems.} ({White should be bold:} 24. Rc7 Ng6 25. Nc3 {with
too many threats.}) 24... Qxb4+ {I liked the structure after the direct
capture a little better than after ...Ba6.} 25. axb4 Ba6 {[%emt 0:36:03]
Taking stock: Black is up a pawn, but her pawn structure leaves something to
be desired. Her bishop and the g2 rook have some definite prospects. White has
the usual passed h-pawn seen in almost all lines of this opening, but Black's
passed d-pawn, it turns out, cannot be disregarded either. I felt happy with
my position but not convinced I had an exploitable advantage--other than my
opponent's clock.} 26. Kf1 $6 {With only 4 minutes left White makes a move
that seems to add to his problems rather than resolving them.} Rg4 {Very
natural looking, but I soon regretted not putting it on g6 where it could
swing to the queenside.} 27. Bg3 {The bishop is little more than a pawn here,
though this move is consistent with his apparent desire to be rid of the
intrusive rook for good.} d4 {I felt I could exploit the awkward positions of
White's pieces with this move, though the engine does not agree.} 28. Kf2 Rd8 {
I was quite pleased with my d-pawn, and the ominous white h-pawn was going
strictly nowhere.} 29. Rhd1 d3 30. Ng1 $6 {[%emt 0:05:06] It was at this point
that I began to believe I was winning. Black's pieces and d-pawn are gaining
more and more energy, whereas White's appear confused.} (30. Nc3 {is much
better; the engine insists that the only way to advantage is} Bc4 {which I am
not at all sure I would have found}) 30... Nd5 31. h3 {I though this move was
a blunder, though Stockfish disagrees. I will argue with the engine here:
destabilizing the bishop and the knight behind it must be wrong!} Rg6 {I had
10 minutes left myself, and my heart was pounding.} 32. Ra1 $2 {[%emt 0:00:27]
The engine pegs this as the actually losing move; White just can't afford to
give up the c-file.} Nc3 {Disaster: not only is the rook threatened, but ...
Ne4+ will win the miserable bishop. White's position simply collapses.} 33.
Rxa6 Nxd1+ 34. Kf3 Nc3 {The d-pawn has not
yet spoken and will claim still more material.} 35. Be1 {White had 25 seconds
on his clock, and may have continued play simply because you don't resign in
blitz.} d2 {I had eight minutes myself and was just hoping to avoid a mistake!}
36. Bxd2 Rxd2 {To add insult to injury, I don't think White's knight can be
saved.} 37. Ke3 Rd1 38. Nf3 Rg3 39. Kf2 Ne4+
40. Ke2 Rb1 41. Rxa7 Rb2+ 42. Ke3 Rb3+ 43.
Kd4 Rgxf3 44. Ra8+ Ke7 45. Kd5 {Evidently the goal is to
cheapo me off with a back-rank mate or perhaps an advance of the e-pawn. My
opponent is evidently a good blitz player and had actually earned back half a
minute by this point, whereas I was down to about 6. However, unusually for me
I had managed to make a successful transition to blitz-like thinking myself,
avoiding my usual time-trouble panic.} Rxb4 46. Ra7+ Kf8 47. e6 Rd3+ 48. Ke5 ({
The mate is delayed only slightly by} 48. Kc6 Rc3+ 49. Kb7 Nd6+ 50. Kb8 Rc8#)
48... Rb5# 0-1

[Event "Seattle Seafair Open"]
[Site "Chess.com"]
[Date "2020.07.18"]
[Round "1"]
[White "Shapiro, Michael"]
[Black "Lenderman, Aleksandr"]
[Result "1-0"]
[ECO "A10"]
[WhiteElo "1360"]
[BlackElo "2717"]
[Annotator "Aleksandr Lenderman"]
[PlyCount "101"]
[EventDate "2020.??.??"]
[SourceVersionDate "2020.06.27"]
[TimeControl "5400+10"]

{In the first round I was playing a player around 1600 so I expected a
relatively easy game, but I got anything but.} 1. c4 b6 (1... e6) 2. Nf3 Bb7 3.
Nc3 e6 4. a3 {A slightly unusual move, but I couldn't really find a way to
punish this.} (4. g3) (4. d4) 4... Nf6 {I thought this is normal.} (4... d5 5.
cxd5 exd5 6. d4) 5. g3 (5. d4 {This could've transposed into the Nimzo indian.}
) 5... c5 6. Bg2 Nc6 {Somehow the engine really dislikes this.} (6... d5 7.
cxd5 Nxd5 8. Nxd5 (8. O-O Nc6 9. Qa4 Qd7 10. Nxd5 exd5 11. d4) 8... Qxd5 9. O-O
{I considered this but I thought that he plays d4 too easily and the game can
fizzle.}) 7. O-O (7. e4) 7... Be7 8. b3 (8. d4 Nxd4 9. Nxd4 Bxg2 10. Kxg2 cxd4
11. Qxd4 O-O {I was willing to play this position, but I wasn't really that
happy with this.}) (8. e4 {I wasn't really worried about this, but apparently
I might be slightly worse here, although at least here I keep all my pieces on
the board.} e5) 8... O-O 9. d4 Nxd4 (9... d5) 10. Nxd4 Bxg2 11. Kxg2 cxd4 12.
Qxd4 Qc7 (12... d5 13. cxd5 Nxd5 14. Nxd5 exd5 15. Bb2 Bf6 16. Qd2 {This
position is equal but with almost no winning chances for white.}) 13. Kg1 (13.
e4) 13... Rfd8 14. Bb2 Qc6 15. Qd3 d5 {I think this move is objectively best
and I thought I'll have some winning chances in the endgame due to my
positions being slightly more active. However, maybe it was a practical
mistake.} (15... d6 16. Rfd1 Nd7) 16. cxd5 Nxd5 17. Nxd5 (17. Qf3) 17... Rxd5
18. Qc3 Qxc3 19. Bxc3 h5 (19... Rc8 20. Bb4 {Here I was worried about this and
I thought that this rook endgame might not yield enough winning chances.}) (
19... a5 20. a4 {I also considered a5 but I thought that this structure would
potentially be problematic for me.}) 20. b4 Rc8 21. Rac1 a5 22. e3 $3 {I
didn't see this move coming but it is a really strong move, preparing Bd4 and
mantaining very strong drawing chances.} Rd3 23. Bd4 Rb8 (23... Rxc1 24. Rxc1
axb4 (24... Rxa3 25. Rc8+ Kh7 26. bxa5 bxa5 27. Rc7 {Here I thought I had no
winning chances.}) 25. axb4 b5 26. Rc8+) 24. Rc7 Bf8 (24... Bd8 25. Rc3) 25.
Rc3 $6 {I was happy to see this move and I thought I'll have real winning
chances, but somehow he defended really well even after this.} (25. Ra1 $11)
25... Rxc3 26. Bxc3 Rc8 27. Bd4 axb4 28. axb4 b5 29. Ra1 Bxb4 30. Rb1 Rc4 31.
Kg2 f6 32. f4 $1 {Another strong prophylactic move.} Kf7 (32... f5 33. Be5) 33.
Kf3 Ke7 $4 {What can I say? Loss of concentration, it happens to all of us :(
Truth be told though, even if I don't blunder, this is objectively not easy to
win. I am not sure what exactly went wrong for me this game. I thought I
played a reasonably good game up to this point, but somehow perhaps, my
opponent played the game of his life :)} (33... Ke8 34. Ke2 Kd7 35. Kd3 Kc6 36.
Ra1 {Because of my poor coordination of my pieces, he gets too much
counterplay, which is enough for equality.}) 34. Rxb4 {Of course!
Unfortunately it's such a blunder, from which there is simply no recovery.}
Rxb4 35. Bc5+ Kd7 36. Bxb4 Kc6 37. Ke4 Kd7 38. h4 g6 39. Kf3 Kc6 40. Ke4 Kd7
41. Kd4 Kc6 42. e4 Kb6 43. f5 gxf5 44. exf5 exf5 45. Kd5 Kc7 46. Ke6 Kc6 47.
Kxf5 Kd5 48. Kxf6 Ke4 49. Kg5 Kf3 50. Kxh5 Kxg3 51. Kg5 {funmath won by
resignation} 1-0

[Event "Seattle Seafair Open"]
[Site "Chess.com"]
[Date "2020.07.18"]
[Round "2"]
[White "Lenderman, Aleksandr"]
[Black "Tran, Nugen"]
[Result "1-0"]
[ECO "A17"]
[WhiteElo "2717"]
[BlackElo "1047"]
[Annotator "Aleksandr Lenderman"]
[PlyCount "67"]
[EventDate "2020.??.??"]
[SourceVersionDate "2020.06.27"]
[TimeControl "5400+10"]

{In round 2 after a tough loss to a 1500 player, I re-entered with a
half-point bye and ended up playing an 1100 player who upset a higher rated
player in round 1. So, I was the highest 0.5 and my opponent was the lowest 1.
I figured my opponent was under-rated. I don't think I played people that
level in a tournament ever since I became a GM, except for in a simul. However,
these days we cannot look at the ratings, since noone has been able to play
rated tournaments for the last few months, and it is quite possible that many
players, especially younger players might already be a few hundred points
higher in level than their official rating that might be lagging behind. For a
while my opponent played quite well, until the unexpected rook blunder.} 1. Nf3
d5 {My pet line.} 2. e3 Nf6 3. c4 e6 4. Nc3 Be7 5. b3 c5 (5... O-O {0-0 is
more common here.}) 6. Bb2 Nc6 (6... d4 {This doesn't quite work here.} 7. exd4
cxd4 8. Nb5 d3 9. Qb1 $18) 7. cxd5 exd5 8. d4 Be6 (8... O-O {0-0 again was
probably more accurate.}) 9. dxc5 Bxc5 10. Bb5 O-O 11. O-O a6 $6 (11... Qe7 {
I would play something like Qe7 since I wanted to take on c6 anyway.}) 12. Bxc6
bxc6 13. Rc1 Ba7 (13... Bd6) 14. Na4 Rc8 15. Qd3 {This is a strong
multi-purposeful move, getting the queen into an active position where I
attack a few of my opponent's targets, the a6 pawn on the queenside and the h7
pawn on the kingside.} a5 16. Ng5 g6 17. Qa6 (17. Nc5 {This move might
actually be the most precise.}) 17... Bb8 18. Nxe6 fxe6 19. Bxf6 (19. Rxc6 {
Originally I thought I can play this but then I saw Bxh2+ with some murky
complications, which I didn't want to allow.} Bxh2+ $1 20. Kxh2 Ng4+ 21. Kh3
Qg5 {This was already enough for me to see in order to avoid going into this.}
22. f4 Qh5+ 23. Kg3 Rce8 $1 (23... Qh2+ $2 24. Kf3 Qh5 25. Rxc8 {Here white
wins.}) 24. Rxe6 Nxe3 25. Rxe3 Rxe3+ 26. Kf2 Re2+ 27. Qxe2 Rxf4+ 28. Ke1 Re4 {
With a very unclear position.}) 19... Qc7 $1 {A very nice intermediate move
that I didn't see. It's a very impressive move for a player slightly below
1100! Just goes to show how much the quality of chess in general has improved
since I was a starting out chess player.} 20. g3 Rxf6 21. Rc2 e5 22. Rfc1 Qa7
$4 {Thankfully for me, a blunder came.} (22... Kg7 $16 {White is clearly
better due to black's weak queenside pawns and white's active pieces, but
black is still in the game.}) 23. Qxc8+ Kf7 24. Rxc6 Rf3 25. Rc7+ Bxc7 26.
Rxc7+ Qxc7 27. Qxc7+ Kf6 28. Qd6+ Kf5 29. Qxd5 Kg4 30. h3+ Kxh3 31. Qxf3 e4 32.
Qxe4 g5 33. Qf5+ g4 34. Qh5# {AlexanderL won by checkmate} 1-0

[Event "Seattle Seafair Open"]
[Site "Chess.com"]
[Date "2020.07.18"]
[Round "3"]
[White "Gottumukkala, Ananth"]
[Black "Lenderman, Aleksandr"]
[Result "0-1"]
[ECO "B15"]
[WhiteElo "1785"]
[BlackElo "2717"]
[Annotator "Aleksandr Lenderman"]
[PlyCount "96"]
[EventDate "2020.??.??"]
[SourceVersionDate "2020.06.27"]
[TimeControl "5400+10"]

{After a quick round 2 win, I was paired against a young Indian player who is
around 1800 but I knew he's quite dangerous since he has beaten Nick Raptis
before.} 1. e4 c6 2. Nc3 d5 3. Nf3 g6 ({Last time in a similar tournament I
played 3)...Nf6 against IM Georgi Orlov without lots of success. This time I
wanted to switch it up in order to avoid preparation by my opponent and to
keep my opponents guessing.} 3... Nf6) 4. d4 Bg7 5. h3 dxe4 6. Nxe4 Nf6 7.
Nxf6+ {This might be slightly worse for black but is supposed to be fairly
solid and reliable for black. However, I quickly got an unpleasant position in
this game.} exf6 8. Bd3 O-O 9. O-O a5 10. Re1 Na6 11. c4 Be6 $6 {Showing lack
of understanding of this position. Taking squares away from the knight on a6
was very uncalled for.} (11... Nc7 {This move would be normal with ideas like
Ne6 and f5, putting pressure on white's d4 pawn. Another idea can be b5. Black
should challenge white's center, or else black will be worse.} 12. b3 Re8 (
12... f5)) 12. a3 (12. Bf4 {Normal development was also possible.}) 12... Re8 (
12... b5 $1 {I don't think I considered this. Apparently this concept of
sacrifising the pawn for some initiative, gaining control of some open files
and key squares was beyond my understanding of the position.} 13. cxb5 cxb5 14.
Bxb5 Nc7 15. Bf1 Bd5 $44) 13. Bf4 Bf8 14. Rc1 Bd6 15. Qd2 a4 16. d5 $5 {
Simplifying the game and getting to a risk-free position.} (16. Bxd6 Qxd6 17.
Re4 $14 {This plan might've been more ambitious to try to go after my king.})
16... cxd5 (16... Nc5 {Apparently this move was possible which I also don't
think that I saw.} 17. dxe6 Bxf4 18. exf7+ Kxf7 19. Bxg6+ hxg6 20. Qxf4 Nd3 21.
Rxe8 Nxf4 22. Rxd8 Rxd8 23. Rc2 $11 {However, here white has to play some
precise moves, and even here, black still can continue fighting.}) 17. cxd5
Bxf4 18. Qxf4 Bxd5 19. Rxe8+ Qxe8 20. Qxf6 Qd8 $6 {Continuing showing the bad
form from earlier in the day.} (20... Rc8 $11) 21. Qxd8+ Rxd8 22. Bxa6 {
Somehow I totally missed it, I only saw this possibility about 5 minutes into
his thinking.} Bxf3 {A sad necessity.} (22... bxa6 23. Rd1 $16 {Would be a
very unpleasant pin for me.}) 23. Bb5 $6 {Phew.} (23. gxf3 {Of course, if he
played this move, I should be able to hold a draw, but white reaches a
position where he cannot lose. I would have to then accept a draw against an
1800 after already losing to a 1500 earlier in the day. This just goes to show
that everyone can play good chess these days and even if you are a GM but you
are out of form, they can easily be scalped to a draw or even a win.} bxa6 24.
Rc4 Rd2 25. Rxa4 Rxb2 26. Rxa6 g5 {Where black should easily hold a draw
thanks to his rook activity, but of course white can never lose unless he goes
crazy trying to win at all costs.}) 23... Bd1 {I suspect my opponent might've
missed this move. At least now, the game doesn't immediately fizzle into a
draw, so I started to be slightly optimistic.} 24. Kf1 (24. Rc4 Bb3 25. Rb4
Rd1+ 26. Kh2 Rd2 27. Kg3 {Would probably just be a dead draw.}) 24... Rd2 25.
Rc8+ $6 (25. Bc4 Bb3 26. Bxb3 axb3 27. Rc7 {Is still a draw.}) 25... Kg7 26.
Ra8 Rxb2 27. Bxa4 Be2+ 28. Ke1 (28. Kg1 b5) 28... b5 {Here at least white has
to answer some questions.} 29. Rb8 $6 (29. Re8 {This move should still
probably draw but already here white has to work for a draw in most lines.}
bxa4 (29... Bh5 {I was probably going to play this move.} 30. Bxb5 $1 Rxb5 31.
g4 Ra5 32. Re3 Bxg4 33. hxg4 Ra4 34. f3 {And with accurate play, white should
draw, but at least here there are some imbalances, so I can hope for a miracle.
}) 30. Rxe2 Rb1+ 31. Kd2 Ra1 32. Re3 Ra2+ 33. Ke1 h5 {This is objectively a
draw but here my rook is more active than his since my rook ties his rook down
to his pawn. This is a draw but I can still play many moves and try to trick
him.}) 29... Bd3 (29... Bc4 {I was spending some time here trying to compare
Bc4 and Bd3, and it looks like I chose the wrong one.} 30. Bd1 Rb1 31. Kd2 Ra1
32. Ra8 Bd5 33. Ra7 b4 34. Ra5 Ra2+ 35. Ke1 Bxg2 36. axb4 Rb2 {With decent
winning chances for black.}) 30. Bd1 Ra2 31. Ra8 Be4 32. Ra5 $6 {I also
expected this but now black might be close to winning.} (32. Ra7 Bxg2 33. Bb3
Ra1+ 34. Kd2 Bxh3 35. Bxf7 {Would give white good counterplay and excellent
drawing chances.} Kf6 36. Be8 $1 $15) 32... Bxg2 33. Rxb5 Rxa3 $6 (33... Bxh3 {
Was probably better.}) 34. h4 h6 35. h5 $6 {An instructive mistake, fixing his
pawn on a weak h5 square where I can attack him with a bishop and a rook. Now
white is lost.} (35. Rb4 {Objectively here, white still has very good chances
to hold.}) 35... g5 36. Rb6 Bf3 37. Bb3 (37. Bxf3 Rxf3 38. Ke2 Rh3 $19) 37...
Bxh5 38. Rb7 Ra1+ 39. Kd2 Rf1 40. Ke3 Re1+ 41. Kd3 Bg6+ 42. Kd2 Re4 43. Rd7 h5
44. f3 Rb4 45. Kc3 Rf4 46. Bd5 h4 47. Ra7 Bh5 48. Kd2 Rd4+ {AlexanderL won by
resignation. I was happy to get the win and keep myself in contention in the
tournament. However, I was not very happy with this game.} 0-1